 Dungeon Crawl Stone Soup version 0.31-a0-788-ga445dbd2db (webtiles) character file.

Game seed: 14747752062220524154

54576 Revguard the Thaumaturge (level 14, 0/100 HPs)
             Began as a Demonspawn Ice Elementalist on Sept 18, 2023.
             Was a High Priest of Hepliaklqana.
             Killed by divine providence
             ... invoked by Saint Roka
              (12 damage)
             ... on level 2 of the Orcish Mines.
             The game lasted 01:29:32 (18265 turns).

Revguard the Thaumaturge (DsIE)                    Turns: 18265, Time: 01:29:34

Health: 0/100      AC: 13    Str:  7    XL:     14   Next: 35%
Magic:  10/38      EV: 17    Int: 20    God:    Hepliaklqana [*****.]
Gold:   1322       SH:  5    Dex: 18    Spells: 13/35 levels left

rFire   + . .        v - +4 dagger
rCold   . . .        (no shield)
rNeg    . . .        y - +2 robe {Will+}
rPois   .            l - +1 hat of Lethargy {rElec rCorr Str-2 Dex+3}
rElec   +            c - +2 cloak {rCorr}
rCorr   +            P - +0 pair of gloves
SInv    .            C - +1 pair of boots
Will    ++++.        U - amulet of reflection
Stlth   ++++         u - ring of willpower
HPRegen 0.36/turn    f - ring of magical power
MPRegen 0.26/turn

%: reflection
@: freezing walls, studying Maces & Flails
A: reduced essence, antennae 2, rugged brown scales 2, icemail 2, condensation
shield, demonic magic 2, demonic willpower, fire resistance 1, sense
surroundings 1, noise suppression
a: Renounce Religion, Recall Ancestor, Ancestor Identity, Transference, Idealise


You were on level 2 of the Orcish Mines.
You worshipped Hepliaklqana.
Hepliaklqana was extremely pleased with you.
You visited 3 branches of the dungeon, and saw 18 of its levels.

You collected 1802 gold pieces.
You spent 480 gold pieces at shops.

Inventory:

Hand Weapons
 i - a +2 dagger of venom
 v - a +4 dagger (weapon)
 E - a +2 dagger of freezing
 L - the +8 falchion of Fundamental Breach {flame, Will+ Dex+3 Stlth+}
   (You found it on level 11 of the Dungeon)

   Dex+3:     It affects your dexterity (+3).
   Will+:     It increases your willpower.
   Stlth+:    It makes you more stealthy.
 M - a +1 dagger of electrocution
Missiles
 B - a throwing net
Armour
 c - a +2 cloak of preservation (worn)
 l - the +1 hat of Lethargy (worn) {rElec rCorr Str-2 Dex+3}
   (You found it on level 1 of the Orcish Mines)

   Str-2:     It affects your strength (-2).
   Dex+3:     It affects your dexterity (+3).
   rElec:     It insulates you from electricity.
   rCorr:     It protects you from acid and corrosion.
 y - a +2 robe of willpower (worn)
 z - +0 steam dragon scales
 C - a +1 pair of boots (worn)
 P - a +0 pair of gloves (worn)
 S - a +2 robe of fire resistance
Jewellery
 f - a ring of magical power (right hand)
 s - an amulet of the acrobat
 u - a ring of willpower (left hand)
 w - a +6 ring of strength
 K - an amulet of guardian spirit
 R - a ring of willpower
 U - an amulet of reflection (around neck)
Wands
 t - a wand of charming (8)
 A - a wand of roots (2)
 I - a wand of flame (3)
Scrolls
 a - a scroll of fear
 d - 4 scrolls of noise
 k - 10 scrolls of teleportation
 o - 4 scrolls of amnesia
 x - 2 scrolls of revelation
 D - 2 scrolls of poison
 G - 2 scrolls of enchant weapon
 H - a scroll of enchant armour
 O - a scroll of identify
 T - a scroll of torment
Potions
 b - 6 potions of magic
 e - 3 potions of enlightenment
 g - 3 potions of attraction
 h - 2 potions of curing
 j - 2 potions of mutation
 m - 4 potions of haste
 n - 2 potions of cancellation
 p - 2 potions of might
 q - a potion of ambrosia
 F - 3 potions of brilliance
 J - a potion of lignification
Miscellaneous
 Q - a sack of spiders


   Skills:
 + Level 8.5 Fighting
 + Level 7.4 Short Blades
 - Level 1.2 Axes
 - Level 0.3 Staves
 - Level 0.1 Armour
 + Level 7.9 Dodging
 + Level 8.6 Stealth
 * Level 11.0 Spellcasting
 + Level 8.4 Conjurations
 + Level 8.9 Necromancy
 + Level 5.8 Fire Magic
 + Level 8.5 Ice Magic


You had 13 spell levels left.
You knew the following spells:

 Your Spells              Type           Power      Damage    Failure   Level
a - Freeze                Ice            100%       1d10      1%          1
b - Frozen Ramparts       Ice            90%        1d14      1%          3
c - Volatile Blastmotes   Fire/Tloc      44%        2d13      5%          3
d - Ozocubu's Armour      Ice            45%        N/A       1%          3
e - Vampiric Draining     Necr           46%        2d9       1%          3
f - Starburst             Conj/Fire      19%        6d7       45%         6
g - Ensorcelled Hibernat  Hex/Ice        56%        N/A       1%          2
h - Necrotise             Necr           100%       1d9       1%          1

Your spell library contained the following spells:

 Spells                   Type           Power      Damage    Failure   Level
 Dazzling Flash           Conj/Hex       54%        N/A       3%          3
 Agony                    Necr           46%        N/A       4%          5
 Slow                     Hex            44%        N/A       6%          1
 Blink                    Tloc           22%        N/A       10%         2
 Passwall                 Tmut/Erth      9%         N/A       10%         2
 Summon Ice Beast         Ice/Summ       28%        N/A       11%         4
 Confusing Touch          Hex            11%        N/A       19%         3
 Sigil of Binding         Hex            11%        N/A       19%         3
 Swiftness                Air            11%        N/A       19%         3
 Manifold Assault         Tloc           11%        N/A       52%         4
 Maxwell's Capacitive Co  Air            5%         ∞         100%        8


Dungeon Overview and Level Annotations

Branches:
Dungeon (15/15)            Temple (1/1) D:5            Lair (0/5) D:10
    Orc (2/2) D:10            Elf (0/3) Orc:2        Vaults (0/5) D:14
 Depths (0/4) D:15

Altars:
Ashenzari
Cheibriados
Dithmenos
Fedhas
Gozag
Hepliaklqana
Kikubaaqudgha
Makhleb
Nemelex Xobeh
Okawaru
Qazlal
Ru
Sif Muna
Trog
Uskayaw
Vehumet
Wu Jian
Xom
Yredelemnul

Shops:
D:2 (   D:15 (   Orc:1 *=[[=

Portals:
Abyss: Orc:1

Annotations:
Orc:2 Saint Roka


Innate Abilities, Weirdness & Mutations

Your life essence is reduced to manifest your ancestor. (-10% HP)
You have a pair of antennae on your head.
You are mostly covered in rugged brown scales. (AC +2, +5% HP)
A meltable icy envelope protects you from harm. (AC +0)
A meltable shield of frost defends you. (SH +0)
Spells you cast may paralyse nearby enemies.
You punish those that try to bend your will. (Will+)
Your flesh is heat resistant. (rF+)
You passively map a small area around you.
You passively dampen the noise of your surroundings.


Message History

Saint Roka calls down the wrath of Beogh upon you.
Beogh smites you!
The orc warrior hits you but does no damage.
You are more poisoned.
Casting: Vampiric Draining (safe; 1% risk of failure)
Confirm with . or Enter, or press ? or * to list all spells.
Aiming: Vampiric Draining (safe; 1% risk of failure)
Press: ? - help, Shift-Dir - straight line, f/p - orc warrior
Aim: an orc warrior, wielding a +1 halberd of venom and wearing a +0 chain mail (severely wounded, ally target)
You draw life force from the orc warrior!
You kill the orc warrior!
You feel life coursing into your body. Malevolent energies surge around you.
You feel very sick.
Saint Roka enters a dispersal trap!
Ilshubani blinks! x2
The warg blinks!
You blink.
Saint Roka blinks!
You feel very sick. The warg attacks as it pursues you!
You block the warg's attack. The warg barely misses you.
Saint Roka hits you with a +4 war axe of flaming!
Your icy defences dissipate!
Casting: Vampiric Draining (safe; 1% risk of failure)
Confirm with . or Enter, or press ? or * to list all spells.
Casting: Frozen Ramparts (safe; 1% risk of failure)
Press: ? - help, Dir - look around, f - activate The walls around you are covered in ice.
Malevolent energies surge around you.
You feel sick.
The wall freezes the warg but does no damage.
The warg completely misses you.
The wall freezes Saint Roka.
Saint Roka hits you with a +4 war axe of flaming!!
* * * LOW HITPOINT WARNING * * *
Saint Roka burns you.
* * * LOW HITPOINT WARNING * * *
You feel better.
The wall freezes the warg but does no damage.
The warg barely misses you.
The wall freezes Saint Roka.
Saint Roka calls down the wrath of Beogh upon you.
Beogh smites you!
You die...
Saint Roka roars, "Praise to Beogh!"

# * ### #.**####.##
...##.....### *,
,.........#))## ,
....#..#o.)).###
.......@h.)))#<## *
.............^..#
.#.........)...##
................#, ,
,
,...................,
,
...................#
* ,
...#...R#........###,
,.................. *
.. ,
........#........ *#.


You could see the friendly Ilshubani the knight, Saint Roka and a warg (ally
target).

Vanquished Creatures
  Kirke (D:14)
  3 orc warlords
  The ghost of Heedrag the Martial Artist, a journeyman DsSh of Qazlal (D:11)
  A great orb of eyes (Orc:1)
  2 hydras
  A vault guard (D:14)
  2 boulder beetles
  5 centaur warriors
  A two-headed ogre (D:12)
  The ghost of Toamadgh the Tainter, a journeyman FoVM of Dithmenos (Orc:1)
  2 tengu warriors
  2 skeletal warriors
  A storm dragon skeleton (D:15)
  A glowing orange brain (D:11)
  Lodul (D:14)
  A wizard (Orc:1)
  3 orc knights
  A harpy (shapeshifter) (Orc:1)
  A phantasmal warrior (D:14)
  A necromancer (D:15)
  2 deep elf pyromancers
  3 cyclopes
  11 ugly things
  4 manticores
  2 orc sorcerers
  A fire giant skeleton (D:15)
  4 centaur zombies (D:10)
  A black mamba (shapeshifter) (D:11)
  An unseen horror (D:5)
  An unseen horror (shapeshifter) (D:11)
  A spriggan zombie (D:15)
  A kobold demonologist (D:14)
  3 yaktaurs (D:15)
  4 tengu conjurers
  5 trolls
  3 meliai (D:14)
  A meliai (shapeshifter) (D:15)
  A raiju (shapeshifter) (D:14)
  12 slime creatures
  A spriggan (shapeshifter) (D:13)
  A shadow (D:12)
  A wraith (D:14)
  A basilisk (D:12)
  7 yaks
  3 wyverns
  7 vampire mosquitoes
  Grum (D:8)
  3 neqoxecs
  Menkaure (D:4)
  2 acid dragons
  A naga (shapeshifter) (D:14)
  3 wargs
  30 orc warriors
  2 ice beasts (D:6)
  4 sky beasts
  2 black bears
  A black bear (shapeshifter) (D:15)
  A wolf (D:8)
  2 centaurs
  15 ogres
  A kobold brigand (D:9)
  3 bullfrogs
  2 necrophages (D:10)
  A scorpion (shapeshifter) (D:14)
  2 scorpions
  3 jellies
  13 wights
  8 killer bees
  An electric eel (D:15)
  A howler monkey (D:6)
  11 orc priests
  2 human zombies
  4 hounds
  4 sleepcaps
  A gnoll bouda (D:4)
  4 iguanas
  22 orc wizards
  A howler monkey zombie (D:10)
  3 gnolls (D:4)
  7 adders
  A river rat (shapeshifter) (D:11)
  2 shadow imps
  3 white imps
  3 ufetubi
  5 worms
  5 dart slugs
  77 orcs
  7 endoplasms
  7 giant cockroaches
  6 hobgoblins
  3 jackals (D:5)
  4 quokkas
  6 ball pythons
  3 bats
  3 frilled lizards
  8 goblins
  13 kobolds
  3 rats
435 creatures vanquished.

Vanquished Creatures (collateral kills)
  A hydra (D:14)
  A centaur warrior (D:13)
  A cyclops (D:11)
  2 manticores
  A cane toad (shapeshifter) (D:11)
  An unseen horror (D:12)
  A yaktaur (D:15)
  A troll (D:11)
  A slime creature (D:14)
  2 wraiths
  A water elemental (D:15)
  A steam dragon (D:7)
  An acid dragon (D:10)
  A sky beast (D:7)
  4 orc warriors
  2 wolves (D:8)
  3 ogres
  A bullfrog (D:8)
  4 wights
  A killer bee (D:10)
  2 iguanas
  An orc priest (D:12)
  7 orc wizards
  An adder (D:6)
  11 orcs
  A kobold (D:9)
54 creatures vanquished.

Vanquished Creatures (others)
  5 humans (D:14)
  A vampire (D:13)
  7 knights
  An orc wizard (Orc:1)
14 creatures vanquished.

Grand Total: 503 creatures vanquished

Notes
Turn   | Place    | Note
-------+----------+-------------------------------------------
     0 | D:1      | Revguard the Demonspawn Ice Elementalist began the quest
                  | for the Orb.
     0 | D:1      | Reached XP level 1. HP: 13/13 MP: 3/3
   296 | D:1      | Gained mutation: Spells you cast may paralyse adjacent
                  | enemies. [demonic ancestry]
   296 | D:1      | Reached XP level 2. HP: 8/20 MP: 0/5
   788 | D:2      | Reached XP level 3. HP: 25/25 MP: 4/6
   814 | D:2      | Learned a level 3 spell: Frozen Ramparts
   871 | D:2      | Reached skill level 1 in Fighting
  1020 | D:2      | Found Filavif's Weapon Boutique.
  1144 | D:2      | Identified the +10 hand axe of Peace {vamp, rCorr}
  1520 | D:2      | Gained mutation: You are robust. (+10% HP) [potion of
                  | mutation]
  1520 | D:2      | Gained mutation: Your flesh is heat resistant. (rF+)
                  | [potion of mutation]
  1619 | D:3      | Gained mutation: A meltable shield of frost defends you.
                  | (SH +0) [demonic ancestry]
  1619 | D:3      | Reached XP level 4. HP: 30/35 MP: 5/7
  1625 | D:3      | Learned a level 4 spell: Summon Ice Beast
  1974 | D:3      | Reached skill level 1 in Conjurations
  2722 | D:4      | Noticed Menkaure
  2736 | D:4      | Killed Menkaure
  2737 | D:4      | Reached skill level 1 in Short Blades
  2737 | D:4      | Reached skill level 3 in Spellcasting
  2737 | D:4      | Reached skill level 1 in Necromancy
  2737 | D:4      | Gained mutation: A meltable icy envelope protects you from
                  | harm. (AC +0) [demonic ancestry]
  2737 | D:4      | Reached XP level 5. HP: 26/41 MP: 9/9
  2749 | D:4      | Reached XP level 6. HP: 36/48 MP: 10/10
  2798 | D:4      | Learned a level 3 spell: Ozocubu's Armour
  2999 | D:4      | Gained mutation: You are partially covered in rugged brown
                  | scales. (AC +1, +3% HP) [demonic ancestry]
  2999 | D:4      | Reached XP level 7. HP: 49/57 MP: 12/12
  3219 | D:4      | Reached skill level 1 in Axes
  3457 | D:4      | Reached skill level 4 in Spellcasting
  3584 | D:5      | Entered Level 5 of the Dungeon
  3867 | D:5      | Killed an unseen horror
  3868 | D:5      | Gained mutation: You have a pair of small antennae on your
                  | head. [demonic ancestry]
  3868 | D:5      | Reached XP level 8. HP: 44/65 MP: 14/14
  4151 | D:5      | Found a staircase to the Ecumenical Temple.
  4160 | Temple   | Entered the Ecumenical Temple
  4186 | Temple   | Became a worshipper of Hepliaklqana the Forgotten
  4200 | D:5      | Learned a level 3 spell: Vampiric Draining
  5112 | D:6      | Reached skill level 5 in Spellcasting
  5137 | D:6      | Found a hide-covered altar of Uskayaw.
  5138 | D:6      | Reached * piety under Hepliaklqana
  5176 | D:6      | Reached skill level 5 in Ice Magic
  5456 | D:6      | Gained mutation: Spells you cast may paralyse nearby
                  | enemies. [demonic ancestry]
  5456 | D:6      | Reached XP level 9. HP: 62/66 MP: 17/17
  6107 | D:7      | Identified the +4 chain mail "Tuvukkac" {Stlth+}
  6111 | D:7      | Reached ** piety under Hepliaklqana
  6112 | D:7      | Remembered your ancestor Ilshubani as a knight
  6236 | D:7      | Reached skill level 6 in Spellcasting
  6671 | D:8      | Reached skill level 5 in Stealth
  6941 | D:8      | Reached XP level 10. HP: 75/75 MP: 19/19
  6978 | D:8      | Found a shadowy altar of Dithmenos.
  7117 | D:8      | Noticed Grum
  7131 | D:8      | Killed Grum
  7134 | D:8      | Reached skill level 5 in Fighting
  7725 | D:9      | Reached *** piety under Hepliaklqana
  7735 | D:9      | Reached skill level 5 in Necromancy
  7738 | D:9      | Reached skill level 5 in Dodging
  7742 | D:9      | Reached skill level 5 in Conjurations
  7881 | D:9      | Found a broken altar of Ashenzari.
  8030 | D:9      | Reached skill level 7 in Spellcasting
  8241 | D:10     | Entered Level 10 of the Dungeon
  8368 | D:10     | Reached skill level 1 in Fire Magic
  8439 | D:10     | Found a staircase to the Orcish Mines.
  8643 | D:10     | Found a basalt altar of Yredelemnul.
  8657 | D:10     | Gained mutation: You are mostly covered in rugged brown
                  | scales. (AC +2, +5% HP) [demonic ancestry]
  8657 | D:10     | Reached XP level 11. HP: 70/85 MP: 22/22
  8934 | D:10     | Found a staircase to the Lair.
  9124 | D:10     | Learned a level 3 spell: Volatile Blastmotes
  9384 | D:11     | Noticed a green ugly thing
  9394 | D:11     | Killed a green ugly thing
  9437 | D:11     | Learned a level 6 spell: Starburst
  9607 | D:11     | Identified the +8 falchion of Fundamental Breach {flame,
                  | Will+ Dex+3 Stlth+}
  9638 | D:11     | Reached **** piety under Hepliaklqana
  9644 | D:11     | Noticed a boulder beetle
  9658 | D:11     | Killed a boulder beetle
  9659 | D:11     | Reached skill level 8 in Spellcasting
  9747 | D:11     | Noticed a centaur warrior
  9756 | D:11     | Killed a centaur warrior
  9757 | D:11     | Reached skill level 5 in Short Blades
  9949 | D:11     | Found a runed translucent gate.
  9949 | D:11     | Found a runed translucent gate.
  9949 | D:11     | Found a runed translucent gate.
  9949 | D:11     | Noticed a purple ugly thing
  9949 | D:11     | Noticed a cyan ugly thing
  9949 | D:11     | Noticed a sea snake
  9949 | D:11     | Noticed a cyan ugly thing
  9950 | D:11     | Noticed a purple ugly thing
  9950 | D:11     | Noticed a glowing orange brain
  9951 | D:11     | a sea snake changed into a moth of wrath
  9953 | D:11     | a moth of wrath changed into a death drake
  9953 | D:11     | Noticed a death drake (glowing shapeshifter)
  9958 | D:11     | a death drake changed into a jumping spider
 10147 | D:11     | Killed a cyan ugly thing
 10160 | D:11     | Killed a white ugly thing
 10163 | D:11     | Killed a cyan ugly thing
 10168 | D:11     | Killed a purple ugly thing
 10174 | D:11     | Noticed a boulder beetle
 10342 | D:11     | Killed a glowing orange brain
 10354 | D:11     | Found a runed translucent gate.
 10354 | D:11     | Found a runed translucent gate.
 10365 | D:11     | Found a runed translucent gate.
 10365 | D:11     | Noticed Heedrag's ghost (journeyman DsSh)
 10398 | D:11     | Gained mutation: Armour fits poorly on your strangely
                  | shaped body. [a neqoxec]
 10419 | D:11     | Killed Heedrag's ghost
 10447 | D:11     | Gained mutation: You occasionally lose the ability to read
                  | scrolls when taking damage. [mutagenic glow]
 10462 | D:11     | Lost mutation: You are robust. (+10% HP) [potion of
                  | mutation]
 10462 | D:11     | Lost mutation: You occasionally lose the ability to read
                  | scrolls when taking damage. [potion of mutation]
 10462 | D:11     | Gained mutation: Your muscles are strong. (Str +4, Int/Dex
                  | -1) [potion of mutation]
 10462 | D:11     | Gained mutation: You passively map a small area around you.
                  | [potion of mutation]
 10462 | D:11     | Gained mutation: Your flesh is cold resistant. (rC+)
                  | [potion of mutation]
 10462 | D:11     | Gained mutation: Your muscles are very strong. (Str +8,
                  | Int/Dex -2) [potion of mutation]
 10463 | D:11     | Lost mutation: Your flesh is cold resistant. (rC+) [potion
                  | of mutation]
 10463 | D:11     | Lost mutation: Your muscles are very strong. (Str +8,
                  | Int/Dex -2) [potion of mutation]
 10463 | D:11     | Lost mutation: Your muscles are strong. (Str +4, Int/Dex
                  | -1) [potion of mutation]
 10463 | D:11     | Gained mutation: Your spells are a little easier to cast,
                  | but a little less powerful. [potion of mutation]
 10463 | D:11     | Gained mutation: You occasionally lose the ability to drink
                  | potions when taking damage. [potion of mutation]
 10463 | D:11     | Lost mutation: Your spells are a little easier to cast, but
                  | a little less powerful. [potion of mutation]
 10463 | D:11     | Gained mutation: You passively dampen the noise of your
                  | surroundings. [potion of mutation]
 10464 | D:11     | Lost mutation: You occasionally lose the ability to drink
                  | potions when taking damage. [potion of mutation]
 10464 | D:11     | Lost mutation: Your flesh is heat resistant. (rF+) [potion
                  | of mutation]
 10464 | D:11     | Lost mutation: Armour fits poorly on your strangely shaped
                  | body. [potion of mutation]
 10464 | D:11     | Gained mutation: You have sharp toenails. [potion of
                  | mutation]
 10464 | D:11     | Lost mutation: You have sharp toenails. [potion of
                  | mutation]
 10464 | D:11     | Gained mutation: Your flesh is heat resistant. (rF+)
                  | [potion of mutation]
 10776 | D:12     | Gained mutation: You have a pair of antennae on your head.
                  | [demonic ancestry]
 10776 | D:12     | Reached XP level 12. HP: 79/84 MP: 24/24
 10911 | D:12     | Noticed a two-headed ogre
 10916 | D:12     | Killed a two-headed ogre
 11382 | D:12     | Reached skill level 9 in Spellcasting
 11883 | D:13     | Noticed a centaur warrior
 11883 | D:13     | Noticed a centaur warrior
 11900 | D:13     | Killed a centaur warrior
 11902 | D:13     | Killed a centaur warrior
 12053 | D:13     | Noticed a boulder beetle
 12065 | D:13     | Killed a boulder beetle
 12204 | D:13     | Noticed a centaur warrior
 12211 | D:13     | Killed a centaur warrior
 12313 | D:13     | Reached ***** piety under Hepliaklqana
 12794 | D:14     | Noticed a centaur warrior
 12805 | D:14     | Killed a centaur warrior
 13327 | D:14     | Noticed Lodul
 13343 | D:14     | Killed Lodul
 13347 | D:14     | Noticed Kirke
 13356 | D:14     | Gained mutation: A meltable icy envelope protects you from
                  | harm. (AC +0) [demonic ancestry]
 13356 | D:14     | Reached XP level 13. HP: 85/91 MP: 21/26
 13360 | D:14     | Killed Kirke
 13588 | D:14     | Found a gate to the Vaults.
 13750 | D:14     | Learned a level 2 spell: Ensorcelled Hibernation
 13778 | D:14     | Reached skill level 10 in Spellcasting
 14221 | D:15     | Entered Level 15 of the Dungeon
 14225 | D:15     | Found Jeoptorch's Weapon Emporium.
 14449 | D:15     | Found a staircase to the Depths.
 15071 | D:15     | Reached skill level 5 in Fire Magic
 16460 | Orc:1    | Entered Level 1 of the Orcish Mines
 16460 | Orc:1    | Found Ber Ruar's Antique Armour Emporium.
 16613 | Orc:1    | Found Bekoa's Jewellery Emporium.
 16638 | Orc:1    | Found a transporter.
 16677 | Orc:1    | Bought an amulet of reflection for 480 gold pieces
 16770 | Orc:1    | Noticed an orc warlord
 16782 | Orc:1    | Killed an orc warlord
 16783 | Orc:1    | Gained mutation: You punish those that try to bend your
                  | will. (Will+) [demonic ancestry]
 16783 | Orc:1    | Reached XP level 14. HP: 91/99 MP: 28/28
 16893 | Orc:1    | Found Paterig's Jewellery Boutique.
 16944 | Orc:1    | Found Loowah's General Store.
 17118 | Orc:1    | Found Umudaosa's Armour Boutique.
 17126 | Orc:1    | Found a transporter.
 17134 | Orc:1    | Found a one-way gate to the infinite horrors of the Abyss.
 17229 | Orc:1    | Noticed an orc warlord
 17404 | Orc:1    | Noticed Toamadgh's ghost (journeyman FoVM)
 17407 | Orc:1    | Killed an orc warlord
 17434 | Orc:1    | Killed Toamadgh's ghost
 17671 | Orc:1    | Identified the +1 hat of Lethargy {rElec rCorr Str-2 Dex+3}
 17767 | Orc:2    | Entered Level 2 of the Orcish Mines
 17792 | Orc:2    | Learned a level 1 spell: Necrotise
 17821 | Orc:2    | Reached skill level 11 in Spellcasting
 17921 | Orc:2    | Found a staircase to the Elven Halls.
 17923 | Orc:2    | Noticed Saint Roka
 17945 | Orc:2    | HP: 3/100 [Saint Roka/+4 war axe of flaming (27)]
 18237 | Orc:2    | Noticed an orc warlord
 18248 | Orc:2    | Killed an orc warlord
 18264 | Orc:2    | HP: 4/100 [Saint Roka/+4 war axe of flaming (35)]
 18264 | Orc:2    | HP: 1/100 [Saint Roka/+4 war axe of flaming (3)]
 18265 | Orc:2    | Killed from afar by Saint Roka

Illustrated notes

Levels and vault maps discovered:
D:1:      saegor_arrival_miasma, layout_basic
D:2:      layout_basic, serial_shops, nicolae_lakefront_shop
D:3:      layout_loops_corners, grunt_ministairs_6, palyth_stone_intersect,
          serial_bayou_pond_c
D:4:      minmay_chambers_of_threes, layout_gridville, minmay_box_of_dots,
          uniq_menkaure
D:5:      layout_loops_corners, minmay_temple_entry_poolview,
          corexii_item_surrounded_by_moat, minmay_manual_mullet
D:6:      layout_gridville, nicolae_uskayaw_dance_hall
D:7:      layout_rooms
D:8:      layout_gridville, nicolae_dithmenos_through_a_glass_darkly, uniq_grum
D:9:      layout_irregular_city, nicolae_overflow_hidden_temple
D:10:     layout_irregular_city, lemuel_mausoleum_altar_yredelemnul,
          lair_entry_dummy, orc_0_dummy
D:11:     layout_cave_pods, ploomutoo_gammafunk_ghost_potion_laboratory
D:12:     layout_loops_ring
D:13:     layout_loops_ring
D:14:     layout_long_grid, david_vaults_4, minivault_26, minivault_1,
          minivault_1, uniq_lodul, uniq_kirke
D:15:     gammafunk_depths_entry_grave, layout_loops_corners,
          serial_park_fountain, special_room [special_room_orc], serial_shops,
          nicolae_shop_tiny_glass, grunt_decor_mini_mirrors
Temple:   nicolae_temple_two_arcs
Orc:1:    nicolae_orc_accident_3, layout_caves, gammafunk_ghost_abyssal_escape,
          basic_altar, serial_shops,
          nicolae_shop_temple_entry_statues_fountains, shop, shop, shop, shop
Orc:2:    grunt_orc_community_town_hall, layout_caves,
          grunt_orc_community_big_house_1, grunt_orc_community_big_house_1,
          grunt_orc_community_house_1, grunt_orc_community_house_2,
          grunt_orc_community_house_3, grunt_orc_community_house_1,
          uniq_saint_roka, uniq_rupert

Skill      XL: |  1  2  3  4  5  6  7  8  9 10 11 12 13 14 |
---------------+-------------------------------------------+-----
Dodging        | 2 3 4 5 6 7 |  7.9
Fighting       | 1 2 3 4 5 6 7 8 |  8.5
Stealth        | 2 3 4 5 6 7 8 |  8.6
Conjurations   | 1 2 3 4 5 6 7 8 |  8.4
Short Blades   | 1 2 3 4 5 6 7 |  7.4
Spellcasting   | 3 4 5 6 7 8 9 10 11 | 11.0
Necromancy     | 1 2 3 4 5 6 7 8 |  8.9
Ice Magic      | 4 5 6 7 8 |  8.5
Axes           | 1 |  1.2
Fire Magic     | 1 3 4 5 |  5.8
Staves         | |  0.3
Armour         | |  0.1

Action                     |  1- 3 |  4- 6 |  7- 9 | 10-12 | 13-15 || total
---------------------------+-------+-------+-------+-------+-------++-------
  Melee: Club              |    14 |       |       |       |       ||    14
         Unarmed           |     2 |       |       |       |       ||     2
         Short sword       |    51 |       |       |       |       ||    51
         Hand axe          |    16 |    66 |   181 |       |       ||   263
         Punch             |       |     1 |     5 |     3 |     3 ||    12
         Dagger            |       |       |    33 |   273 |   215 ||   521
         Falchion          |       |       |       |       |     5 ||     5
   Cast: Freeze            |    28 |     9 |    23 |    75 |    28 ||   163
         Frozen Ramparts   |       |     2 |     7 |    38 |    31 ||    78
         Ozocubu's Armour  |       |     1 |     5 |    12 |    16 ||    34
         Vampiric Draining |       |       |       |    36 |    84 ||   120
         Volatile Blastmot |       |       |       |     3 |       ||     3
         Ensorcelled Hiber |       |       |       |       |    10 ||    10
         Necrotise         |       |       |       |       |     4 ||     4
 Invoke: Ancestor Life: Kn |       |       |     1 |       |       ||     1
         Transference      |       |       |       |     1 |       ||     1
         Recall Ancestor   |       |       |       |       |     2 ||     2
  Evoke: Wand              |       |       |       |     5 |     1 ||     6
    Use: Scroll            |     5 |     2 |     6 |    10 |     3 ||    26
         Potion            |     2 |       |     2 |    13 |     9 ||    26
   Stab: Sleeping          |     3 |     2 |    12 |    17 |    11 ||    45
         Paralysed         |    10 |     6 |    28 |    67 |    76 ||   187
         Distracted        |       |       |     3 |     1 |     3 ||     7
         Invisible         |       |       |       |     1 |     2 ||     3
 Armour: Robe              |    49 |    15 |    23 |   232 |   228 ||   547
         Leather armour    |       |    20 |   131 |       |       ||   151
  Dodge: Dodged            |    47 |    45 |   170 |   204 |   178 ||   644
  Block: Other             |       |    11 |    33 |    42 |    63 ||   149
         Reflection        |       |       |       |       |     3 ||     3

Table legend: (Time is in decaauts)
 A = Elapsed time spent in this place.
 B = Non-inter-level travel time spent in this place.
 C = Inter-level travel time spent in this place.
 D = Time resting spent in this place.
 E = Time spent auto-exploring this place.
 F = Levels seen in this place.
 G = Mean time per level.
                   A        B        C        D        E       F      G
               +--------+--------+--------+--------+--------+-----+--------+
         Total |  18271 |  17664 |    607 |   2656 |  11469 |  18 | 1015.1 |
       Dungeon |  16457 |  15896 |    561 |   2149 |  10710 |  15 | 1097.1 |
        Temple |     34 |     34 |      0 |      0 |      0 |   1 |   34.0 |
  Orcish Mines |   1779 |   1734 |     45 |    506 |    759 |   2 |  889.5 |
               +--------+--------+--------+--------+--------+-----+--------+

Top non-repeatable levels by time:
    D:14: 2081 daAuts
    D:11: 1627 daAuts
   Orc:1: 1580 daAuts
    D:15: 1540 daAuts
     D:5: 1432 daAuts
     D:4: 1111 daAuts
    D:12: 1086 daAuts
     D:8: 1042 daAuts
     D:3: 978 daAuts
    D:10: 964 daAuts
    D:13: 841 daAuts
     D:2: 824 daAuts
     D:6: 790 daAuts
     D:9: 756 daAuts
     D:1: 720 daAuts
